 Dungeon Crawl Stone Soup version 0.21.1-1-g345015f (webtiles) character file.

17911 Gorglomux the Fighter (level 12, -5/115 HPs)
             Began as a Minotaur Monk on May 29, 2018.
             Hit by a large rock thrown by a cyclops (34 damage)
             ... on level 11 of the Dungeon.
             The game lasted 00:20:27 (15143 turns).

Gorglomux the Fighter (Minotaur Monk)              Turns: 15143, Time: 00:20:34

Health: -5/115     AC: 10    Str: 22    XL:     12   Next: 23%
Magic:  11/11      EV: 19    Int:  7    God:
Gold:   708        SH:  0    Dex: 12    Spells: 11/11 levels left

rFire    . . .     SeeInvis .     - Unarmed
rCold    . . .     Gourm    +   (no shield)
rNeg     . . .     Faith    .   (no armour)
rPois    .         Spirit   .   (helmet restricted)
rElec    .         Reflect  .   L - +0 cloak
rCorr    .         Harm     .   W - +2 pair of gloves
MR       +....                  r - +2 pair of boots
Stlth    +++.......             X - amulet of the gourmand
HPRegen  0.29/turn              m - ring of protection from magic
MPRegen  0.12/turn              d - +3 ring of protection

@: no status effects
A: retaliatory headbutt, horns 2
a: no special abilities


You were on level 11 of the Dungeon.
You were very full.

You visited 2 branches of the dungeon, and saw 12 of its levels.

You collected 798 gold pieces.
You spent 90 gold pieces at shops.

Inventory:

Armour
 r - a +2 pair of boots (worn)
 L - a +0 cloak (worn)
 W - a +2 pair of gloves (worn)
Jewellery
 d - a +3 ring of protection (right hand)
 f - an uncursed ring of protection from fire
 m - a ring of protection from magic (left hand)
 o - an uncursed ring of poison resistance
 s - an uncursed ring of see invisible
 v - a +1 ring of protection
 X - an amulet of the gourmand (around neck)
Wands
 A - a wand of acid (9)
 P - a wand of paralysis (19)
Scrolls
 h - 3 scrolls of remove curse
 l - 2 scrolls of amnesia
 B - a scroll of blinking
 G - a scroll of vulnerability {unknown}
 J - 2 scrolls of immolation
 K - a scroll of enchant armour
 M - 5 scrolls of magic mapping
 N - 2 scrolls of random uselessness {unknown}
 R - 11 scrolls of identify
 T - 3 scrolls of teleportation
Potions
 e - 2 potions of might
 k - a potion of haste {unknown}
 u - 5 potions of flight {unknown}
 w - 2 potions of heal wounds
 I - a potion of cancellation {unknown}
 O - a potion of lignification {unknown}
 Q - 7 potions of curing
 U - 2 potions of berserk rage {unknown}
 Y - a potion of degeneration {unknown}
Books
 V - a book of Cantrips

   Spells                             Type                      Level
   a - Confusing Touch                Hexes                        1
   b - Animate Skeleton               Necromancy                   1
   c - Summon Small Mammal            Summoning                    1
   d - Apportation                    Translocation                1
 Z - a book of Battle

   Spells                             Type                      Level
   a - Infusion                       Charms                       1
   b - Shroud of Golubria             Charms/Translocation         2
   c - Song of Slaying                Charms                       2
   d - Spectral Weapon                Hexes/Charms                 3
   e - Regeneration                   Charms/Necromancy            3
Comestibles
 b - 20 rations


   Skills:
 + Level 13.4 Fighting
 + Level 12.4 Dodging
 + Level 5.7 Stealth
 + Level 12.4 Unarmed Combat


You had 11 spell levels left.
You didn't know any spells.

Dungeon Overview and Level Annotations

Branches:
Dungeon (11/15)            Temple (0/1) D:5            Lair (1/6) D:8
    Orc (0/2) D:10

Altars:
Cheibriados
Dithmenos
Elyvilon
Fedhas
Gozag
Hepliaklqana
Makhleb
Nemelex Xobeh
Qazlal
Sif Muna
Trog
Uskayaw
Yredelemnul
Zin
The Shining One

Shops:
D:9 }


Innate Abilities, Weirdness & Mutations

You reflexively headbutt those who attack you in melee.
You have a pair of horns on your head.


Message History

As you read the scroll of fear, it crumbles to butt!
You assume a fearsome visage!
The cyclops looks frightened!!!
The butt-headed hydra looks frightened!!!
The warg stops to sniff the ground!
The warg closely misses you! You furiously retaliate!!!
You headbutt the warg, but do no damage!
The cyclops shouts!!!
The cyclops throws a large rock!
The large rock hits you!!!!!! * * * don't die
* * * You butt here a large rock!
Blink to where?
Press: ? - help, Dir - move target butt
Okay, then!
You feel butt better!
The two-headed ogre shouts in butt!!!
The warg bites you! * * * don't die
* * * Cornered, the cyclops turns to fight!!!
The cyclops throws a large rock!
The large rock hits you!!!!!! rip

###########........ #..# #.
#.......h.........P #.## #.#
#.#########........ #.# ..# #.#
#(....... #.# ..# #h#
#........# #.# #.# #.#
#.P......# #.# #.# #.#
#........# #.### #.####.#
#h.......# ##.... ...h...#
##@.......####..... #.######
#........C##....... #.#
#........###)#..... h.#
#...[......))#..... ###
##########.....O.P.#####.###
######.................#####'##
.h.....#########<....C.#
#.#..## ######## #......##
#.....## #.....## ##......#


You could see a two-headed ogre, 2 cyclopes and a warg.

Vanquished Creatures
  2 hydras (Lair:1)
  Erica (D:8)
  A two-headed ogre (D:11)
  Pikel (D:6)
  3 cyclopes (D:11)
  Joseph (D:7)
  Maurice (D:8)
  3 spiny frogs (Lair:1)
  5 komodo dragons (Lair:1)
  Prince Ribbit (D:9)
  A hippogriff (D:10)
  21 yaks
  A wraith (D:10)
  2 steam dragons (D:8)
  Eustachio (D:5)
  6 wargs
  Menkaure (D:7)
  A hungry ghost (D:10)
  2 water moccasins
  Duvessa (D:6)
  8 orc warriors
  A porcupine (Lair:1)
  An ice beast (D:8)
  A sky beast (D:7)
  A slave (D:7)
  3 phantoms
  10 ogres
  5 centaurs
  A crocodile (Lair:1)
  2 big kobolds
  5 bullfrogs
  A water moccasin skeleton (D:6)
  Dowan (D:6)
  8 wights
  11 killer bees
  4 centaur zombies
  5 crimson imps
  A bullfrog zombie (D:6)
  7 hounds
  7 orc priests
  A centaur skeleton (D:9)
  A bullfrog skeleton (D:10)
  Ijyb (D:4)
  An iguana (D:5)
  8 orc wizards
  6 worker ants
  2 killer bee zombies
  A hound skeleton (D:7)
  A howler monkey zombie (D:6)
  A howler monkey skeleton (D:5)
  11 adders
  A shadow imp (D:6)
  An adder zombie (D:9)
  An adder skeleton (D:7)
  5 worms
  3 dart slugs
  The ghost of Iko the Conjurer, a weakling TeCj (D:3)
  6 leopard geckos
  28 orcs
  13 bats
  7 giant cockroaches
  9 goblins
  5 hobgoblins
  11 jackals
  5 quokkas
  A ball python (D:2)
  4 frilled lizards
  14 kobolds
  15 rats
303 creatures vanquished.

Vanquished Creatures (others)
  A fungus (Lair:1)
  2 plants
3 creatures vanquished.

Grand Total: 306 creatures vanquished

Notes
Turn   | Place    | Note
-------+----------+-------------------------------------------
     0 | D:1      | Gorglomux the Minotaur Monk began the quest for the Orb.
     0 | D:1      | Reached XP level 1. HP: 19/19 MP: 0/0
    86 | D:1      | Reached XP level 2. HP: 9/27 MP: 1/1
   381 | D:1      | Reached skill level 4 in Fighting
  1177 | D:1      | Reached XP level 3. HP: 22/33 MP: 2/2
  1595 | D:2      | Found a blossoming altar of Fedhas.
  1815 | D:2      | Found a hazy altar of Hepliaklqana.
  1848 | D:2      | Reached XP level 4. HP: 24/41 MP: 3/3
  2093 | D:2      | Found a hide-covered altar of Uskayaw.
  2678 | D:3      | Found a bloodstained altar of Trog.
  2885 | D:3      | Noticed Iko's ghost (weakling TeCj)
  3006 | D:3      | Killed Iko's ghost
  3415 | D:4      | Reached skill level 5 in Fighting
  3415 | D:4      | Reached XP level 5. HP: 48/48 MP: 4/4
  3942 | D:4      | Noticed an ogre
  4637 | D:4      | Found an opulent altar of Gozag.
  4654 | D:4      | Reached XP level 6. HP: 44/56 MP: 5/5
  4905 | D:4      | Noticed Ijyb
  4951 | D:4      | Killed Ijyb
  4951 | D:4      | Reached skill level 6 in Fighting
  5371 | D:5      | Entered Level 5 of the Dungeon
  5375 | D:5      | Reached XP level 7. HP: 62/63 MP: 6/6
  5429 | D:5      | Found a staircase to the Ecumenical Temple.
  5508 | D:5      | Reached skill level 6 in Dodging
  5508 | D:5      | Reached skill level 6 in Unarmed Combat
  5596 | D:5      | Reached skill level 7 in Fighting
  5729 | D:5      | Noticed Eustachio
  5740 | D:5      | Killed Eustachio
  5769 | D:5      | Reached XP level 8. HP: 70/73 MP: 7/7
  5925 | D:5      | Found a basalt altar of Yredelemnul.
  5927 | D:5      | Noticed a profane servitor
  5937 | D:5      | Found a glowing golden altar of the Shining One.
  6129 | D:5      | Noticed an angel
  6177 | D:6      | Noticed Dowan
  6194 | D:6      | Noticed Duvessa
  6963 | D:6      | Found a white marble altar of Elyvilon.
  6971 | D:6      | Reached skill level 8 in Fighting
  6994 | D:6      | Killed Dowan
  7004 | D:6      | Killed Duvessa
  7429 | D:7      | Noticed Prince Ribbit
  7572 | D:7      | Noticed Pikel
  7605 | D:6      | Killed Pikel
  7605 | D:6      | Reached skill level 9 in Fighting
  7605 | D:6      | Reached XP level 9. HP: 68/83 MP: 8/8
  7636 | D:7      | Noticed Joseph
  7678 | D:7      | Killed Joseph
  7678 | D:7      | Reached skill level 3 in Stealth
  7817 | D:7      | Found a shadowy altar of Dithmenos.
  7969 | D:7      | Noticed Menkaure
  7978 | D:7      | Killed Menkaure
  8590 | D:7      | Found a deep blue altar of Sif Muna.
  8677 | D:8      | Found a sparkling altar of Nemelex Xobeh.
  8698 | D:8      | Noticed a two-headed ogre
  8804 | D:8      | Reached skill level 9 in Dodging
  8804 | D:8      | Reached skill level 9 in Unarmed Combat
  8968 | D:8      | Noticed Erica
  9125 | D:8      | Found a staircase to the Lair.
  9171 | D:8      | Reached skill level 10 in Fighting
  9295 | D:8      | Noticed Maurice
  9298 | D:8      | Paralysed by Maurice for 7 turns
  9325 | D:8      | Killed Maurice
  9325 | D:8      | Reached XP level 10. HP: 84/93 MP: 9/9
  9412 | D:8      | Killed Erica
  9775 | D:8      | Found a snail-covered altar of Cheibriados.
  9776 | D:8      | Found a stormy altar of Qazlal.
  9776 | D:8      | Found a burning altar of Makhleb.
 10270 | D:9      | Found Zin's Purification Station.
 10275 | D:9      | Found a glowing silver altar of Zin.
 10278 | D:9      | Bought a potion of curing for 90 gold pieces
 10323 | D:9      | Reached skill level 11 in Fighting
 10331 | D:9      | Killed Prince Ribbit
 10725 | D:9      | Found Abudghius's Gadget Boutique.
 11208 | D:10     | Entered Level 10 of the Dungeon
 11473 | D:10     | Reached XP level 11. HP: 84/104 MP: 10/10
 11536 | D:10     | Reached skill level 12 in Fighting
 11741 | D:10     | Found a staircase to the Orcish Mines.
 11988 | D:10     | Found a blossoming altar of Fedhas.
 12461 | D:11     | Noticed a skeletal warrior
 12549 | Lair:1   | Entered Level 1 of the Lair of Beasts
 12746 | Lair:1   | Noticed a seven-headed hydra
 12795 | Lair:1   | Noticed a six-headed hydra
 13180 | Lair:1   | Killed a six-headed hydra
 14031 | Lair:1   | Reached skill level 12 in Unarmed Combat
 14050 | Lair:1   | Reached skill level 12 in Dodging
 14052 | Lair:1   | Reached skill level 13 in Fighting
 14319 | Lair:1   | Noticed a six-headed hydra
 14329 | Lair:1   | Killed a six-headed hydra
 14559 | D:8      | Reached XP level 12. HP: 47/115 MP: 11/11
 14886 | D:11     | Noticed a two-headed ogre
 14893 | D:11     | Killed a two-headed ogre
 15063 | D:11     | Noticed a four-headed hydra
 15143 | D:11     | Hit by a large rock thrown by a cyclops

Skill      XL: |  1  2  3  4  5  6  7  8  9 10 11 |
---------------+----------------------------------+-----
Fighting       | 4 5 6 7 9 10 11 13 | 13.4
Dodging        | 4 5 6 8 9 10 12 | 12.4
Unarmed Combat | 4 5 6 8 9 10 12 | 12.4
Stealth        | 2 4 5 |  5.7

Action                   |  1- 3 |  4- 6 |  7- 9 | 10-12 || total
-------------------------+-------+-------+-------+-------++-------
Melee: Unarmed           |   112 |   192 |   312 |   497 ||  1113
       Headbutt          |    15 |    28 |    64 |   141 ||   248
       Punch             |     1 |     2 |     8 |    32 ||    43
  Use: Potion            |       |     4 |       |     1 ||     5
       Scroll            |       |     3 |     9 |     1 ||    13
 Stab: Sleeping          |     5 |     2 |     5 |     9 ||    21
       Distracted        |       |       |     1 |     1 ||     2
  Eat: Chunk             |     3 |    11 |    10 |    34 ||    58
       Ration            |       |       |     1 |       ||     1
Armor: Skin              |     3 |    12 |    45 |    84 ||   144
Dodge: Dodged            |    70 |   119 |   209 |   357 ||   755
